 Dungeon Sprint DCSS version 0.17.0-56-gd8de76c (webtiles) character file.

30 kosy22 the Skirmisher (level 3, -6/39 HPs)
             Began as a Troll Fighter on Dec 5, 2015.
             Was an Initiate of Fedhas.
             Mangled by a bone dragon (13 damage)
             ... in the Dungeon (Sprint V: "Ziggurat Sprint").
             The game lasted 00:01:50 (145 turns).

kosy22 the Skirmisher (Troll Fighter)                Turns: 145, Time: 00:01:52

Health: -6/39      AC:  5    Str: 28    XL:     3   Next: 5%
Magic:  2/2        EV:  3    Int:  4    God:    Fedhas [......]
Gold:   0          SH: 27    Dex:  9    Spells: 0 memorised, 2 levels left

rFire  . . .     SeeInvis +     K - +14 obsidian axe {chop, +Fly Str+3 SInv *Curse} (curse)
rCold  . . .     Clarity  .     a - +0 robe
rNeg   + . .     SustAt   .     J - +18 shield of the gong {rElec rN+ MR+ EV-5}
rPois  .         Gourm    +     (helmet restricted)
rElec  +         Spirit   .     (no cloak)
rCorr  .         Warding  .     (gloves unavailable)
rMut   .         NoTele   +     (boots unavailable)
MR     +....                    (no amulet)
Stlth  +.........               (no ring)
                                (no ring)

@: mesmerised, somewhat resistant to hostile enchantments, very unstealthy
A: unfitting armour, claws 3, fast metabolism 3, gourmand, regeneration 2,
shaggy fur 1, tough skin 2
a: Renounce Religion, Evoke Flight


You were in the Dungeon.
You worshipped Fedhas.
Fedhas was noncommittal.
You were not hungry.

You visited 1 branch

Inventory:

Hand Weapons
 K - the cursed +14 obsidian axe (weapon) {chop, +Fly Str+3 SInv *Curse}
   (You found it in the Dungeon)

   It inflicts extra damage upon your enemies.
   It affects your strength (+3).
   It lets you see invisible.
   It lets you fly.
   It may re-curse itself when equipped.
   It has a curse placed upon it.
Armour
 a - a +0 robe (worn)
 b - a +0 shield
 k - a +3 large shield
 J - the +18 shield of the gong (worn) {rElec rN+ MR+ EV-5}
   (You found it in the Dungeon)

   It affects your evasion (-5).
   It insulates you from electricity.
   It protects you from negative energy.
   It affects your resistance to hostile enchantments.
Jewellery
 y - a +6 ring of dexterity
 A - a +6 ring of dexterity
 B - a +6 ring of intelligence
 C - a +6 ring of intelligence
 D - a +6 ring of strength
 E - a +6 ring of strength
Wands
 F - a wand of disintegration (7)
 G - a wand of fire (5)
 H - a wand of cold (5)
 I - a wand of draining (5)
Scrolls
 j - 4 scrolls of blinking
 q - 4 scrolls of amnesia
 r - 3 scrolls of recharging
 s - 7 scrolls of fog
 t - a scroll of holy word
 u - 5 scrolls of identify
 v - 5 scrolls of remove curse
 w - 2 scrolls of fear
Potions
 c - 6 potions of might
 e - 10 potions of curing
 f - 10 potions of heal wounds
 g - 6 potions of haste
 h - 7 potions of magic
 i - 3 potions of berserk rage
 l - 2 potions of brilliance
 m - 2 potions of invisibility
 n - 4 potions of resistance
 o - a potion of experience
 p - 5 potions of agility
Comestibles
 d - 6 bread rations
 x - 42 fruits
 z - 4 meat rations


   Skills:
 + Level 3.7 Fighting
 + Level 3.6 Dodging
 + Level 3.6 Shields
 + Level 2.6 Unarmed Combat


You had 2 spell levels left.
You didn't know any spells.

Dungeon Overview and Level Annotations

Branches:
Dungeon (1/1)

Altars:
Ashenzari
Cheibriados
Dithmenos
Elyvilon
Fedhas
Gozag
Kikubaaqudgha
Makhleb
Nemelex Xobeh
Okawaru
Qazlal
Ru
Sif Muna
Trog
Vehumet
Xom
Yredelemnul
Zin
The Shining One
Beogh
Jiyva
Lugonu


Innate Abilities, Weirdness & Mutations

You are too large for most types of armour.
You have claws for hands.
Your metabolism is lightning-fast.
You like to eat raw meat.
You heal very quickly.
You are covered in fur (AC +1).
You have very tough skin (AC +2).


Message History

BONNNG!
You block the quasit's attack.
PTOANNNG!
The crimson imp blinks!
The bone dragon bites you! The bone dragon claws you.
The bone dragon tramples you!
* * * LOW HITPOINT WARNING * * *
You stumble backwards!
You hit the bone dragon but do no damage.
You barely miss the quasit.
Visions of slaying the quasit flood into your mind.
The quasit bites you but does no damage.
You block the quasit's attack.
SHROANNG!
You block the quasit's attack.
GONNNNG!
You block the bone dragon's attack.
BOUMMMMG!
The bone dragon barely misses you. The bone dragon tramples you!
You die...
Fedhas appreciates your contribution to the ecosystem.

▓▓▓▓▓▓▓▓▓▓▓▓▓
▓.8©8.▓.8©8.▓
▓.))=.▓.....▓
▓....§▓P4.|.▓
▓..5..▓.P)..▓
▓..D5.▓.....▓
▓...@.▓.....▓
▓.....▓▓▓▓▓▓▓
▓▓▓▓▓▓▓


You could see a bone dragon, a quasit and a crimson imp.

Vanquished Creatures
  An orc priest (D)
  An orc (D)
2 creatures vanquished.

Vanquished Creatures (others)
  A toadstool (D)
1 creature vanquished.

Grand Total: 3 creatures vanquished

Notes
Turn   | Place    | Note
--------------------------------------------------------------
     0 | D        | kosy22 the Troll Fighter began the quest for the Orb.
     0 | D        | Reached XP level 1. HP: 22/22 MP: 0/0
     0 | D        | Found a roughly hewn altar of Beogh.
     0 | D        | Found a viscous altar of Jiyva.
     0 | D        | Found a corrupted altar of Lugonu.
     0 | D        | Found a white marble altar of Elyvilon.
     0 | D        | Found a sparkling altar of Nemelex Xobeh.
     4 | D        | Found an iron altar of Okawaru.
     4 | D        | Found a radiant altar of Vehumet.
     4 | D        | Found a shimmering altar of Xom.
     4 | D        | Found a burning altar of Makhleb.
     6 | D        | Found a deep blue altar of Sif Muna.
     8 | D        | Found a bloodstained altar of Trog.
    28 | D        | Became a worshipper of Fedhas Madash
   132 | D        | Entered arena 1.
   132 | D        | Noticed an orc priest
   134 | D        | Killed an orc priest
   134 | D        | Reached skill level 3 in Fighting
   134 | D        | Reached XP level 2. HP: 29/32 MP: 1/1
   134 | D        | Reached XP level 3. HP: 35/39 MP: 2/2
   142 | D        | Entered arena 2.
   142 | D        | Noticed a bone dragon
   142 | D        | Noticed a crimson imp
   142 | D        | Noticed a quasit
   145 | D        | Mangled by a bone dragon

Action                   || total
-------------------------++-------
Melee: Broad axe         ||     3
